 Dungeon Crawl Stone Soup version 0.27.1-37-g7b29ead8ac (webtiles) character file.

Game seed: 1234174842175220742

292 cbfl8 the Covered (level 6, -6/53 HPs)
             Began as a Minotaur Fighter on May 3, 2023.
             Mangled by a two-headed ogre (25 damage)
             ... on level 4 of the Dungeon.
             The game lasted 00:02:45 (3720 turns).

cbfl8 the Covered (Minotaur Fighter)                Turns: 3720, Time: 00:02:46

Health: -6/53      AC: 13    Str: 20    XL:     6   Next: 10%
Magic:  5/5        EV:  6    Int:  5    God:
Gold:   137        SH: 10    Dex: 12    Spells: 5/5 levels left

rFire    . . .     SeeInvis .   b - +0 war axe (freeze)
rCold    . . .     Faith    +   c - +0 kite shield
rNeg     . . .     Spirit   .   v - +0 chain mail
rPois    .         Reflect  .   (helmet restricted)
rElec    .         Harm     .   n - +0 cloak
rCorr    +         Rampage  .   r - +1 pair of gloves
Will     .....                  (no boots)
Stlth    ..........             k - amulet of faith
HPRegen  0.17/turn              f - ring of resist corrosion
MPRegen  0.09/turn              (no ring)

@: mighty
A: horns 2, retaliatory headbutt
a: no special abilities


You were on level 4 of the Dungeon.
You visited 1 branch of the dungeon, and saw 4 of its levels.

You collected 137 gold pieces.

Inventory:

Hand Weapons
 b - a +0 war axe of freezing (weapon)
Armour
 c - a +0 kite shield (worn)
 n - a +0 cloak (worn)
 r - a +1 pair of gloves (worn)
 v - a +0 chain mail (worn)
Jewellery
 f - a ring of resist corrosion (left hand)
 k - an amulet of faith (around neck)
Scrolls
 e - 2 scrolls of enchant armour {unknown}
 j - a scroll of vulnerability {unknown}
 l - a scroll of brand weapon {unknown}
 m - a scroll of identify {unknown}
 o - a scroll of teleportation {unknown}
 q - a scroll of blinking {unknown}
 u - a scroll of fear {unknown}
Potions
 g - 2 potions of curing {unknown}
 h - 3 potions of heal wounds {unknown}
 i - a potion of lignification {unknown}
 p - a potion of ambrosia {unknown}
 s - a potion of degeneration {unknown}
 t - a potion of cancellation {unknown}


   Skills:
 + Level 4.4 Fighting
 + Level 4.5 Axes
 + Level 5.1 Armour
 + Level 0.9 Dodging
 + Level 4.7 Shields
 * Level 1.9 Evocations


You had 5 spell levels left.
You didn't know any spells.
Your spell library was empty.

Dungeon Overview and Level Annotations

Branches:
Dungeon (4/15)
 Temple: D:4-7

Altars:
Nemelex Xobeh

Annotations:
D:2 1 runed translucent door, Crazy Yiuf
D:3 3 runed translucent doors, xaos's ghost, amateur HuFE


Innate Abilities, Weirdness & Mutations

You have a pair of horns on your head.
You reflexively headbutt those who attack you in melee.


Message History

You block the ball python's attack.
The ball python bites you but does no damage.
The ball python barely misses you.
You closely miss the ball python. You block the ball python's attack.
The ball python grabs you. The ball python constricts you.
A ball python is nearby!
You closely miss the ball python. You headbutt the ball python.
You kill the ball python!
You hear the slow rusting of a drain nearby.
Key pressed, stopping explore.
No target in view!
You hear the rusting of a drain nearby.
HP restored.
Things that are here:
a +0 short sword; 8 stones; a kobold corpse No target in view!
There is an open door here.
Found 9 gold pieces.
No target in view!
You now have 137 gold pieces (gained 9).
You open the door.
There is an open door here.
A two-headed ogre comes into view. It is wielding two +0 giant clubs.
The two-headed ogre shouts in stereo!
A two-headed ogre is nearby!
A two-headed ogre is nearby!
The two-headed ogre hits you with a +0 giant club!
You block the two-headed ogre's attack.
You hit the two-headed ogre but do no damage.
You block the two-headed ogre's attack.
The two-headed ogre hits you with a +0 giant club!
You are too injured to fight recklessly!
You feel very mighty all of a sudden. The two-headed ogre barely misses you.
The two-headed ogre hits you but does no damage.
You slash the two-headed ogre! You freeze the two-headed ogre!
The two-headed ogre is heavily wounded.
The two-headed ogre hits you but does no damage.
The two-headed ogre hits you with a +0 giant club!!
You die...

<...'..........
....###.##.#.##
....+......#.# #
..).###.#..#.# .#
......#.#..#.####.#
......#.#..#.##...
##....#.#..#'##.# ##
#.)..#.........##..#.#
#....#.........@O....#
##....#...............#
......#...............#
..#####.........####..#
.. #########.# .# ..
#.# # .. #.# #.#


You could see a two-headed ogre.

Vanquished Creatures
  A phantom (D:4)
  A scorpion (D:4)
  Jessica (D:2)
  A hound skeleton (D:3)
  5 adders
  2 dart slugs
  2 orcs (D:3)
  11 ball pythons
  7 bats
  5 endoplasms
  6 giant cockroaches
  6 goblins
  4 hobgoblins
  3 jackals (D:1)
  3 quokkas
  3 frilled lizards
  5 kobolds
  8 rats
  A bush (D:2)
75 creatures vanquished.

Vanquished Creatures (others)
  3 fungi (D:2)
3 creatures vanquished.

Grand Total: 78 creatures vanquished

Notes
Turn   | Place    | Note
-------+----------+-------------------------------------------
     0 | D:1      | cbfl8 the Minotaur Fighter began the quest for the Orb.
     0 | D:1      | Reached XP level 1. HP: 19/19 MP: 0/0
   156 | D:1      | Reached XP level 2. HP: 27/27 MP: 1/1
   159 | D:1      | Reached skill level 4 in Armour
   736 | D:1      | Reached XP level 3. HP: 31/33 MP: 2/2
  1326 | D:2      | Noticed Jessica
  1338 | D:2      | Killed Jessica
  1339 | D:2      | Reached XP level 4. HP: 35/40 MP: 3/3
  1559 | D:2      | Reached skill level 1 in Evocations
  2369 | D:2      | Found a runed translucent door.
  2370 | D:2      | Noticed Crazy Yiuf
  2417 | D:3      | Found a runed translucent gate.
  2417 | D:3      | Found a runed translucent gate.
  2417 | D:3      | Found a runed translucent gate.
  2419 | D:3      | Noticed xaos's ghost (amateur HuFE)
  2542 | D:3      | Found a faded altar of an unknown god.
  2817 | D:3      | Found a sparkling altar of Nemelex Xobeh.
  2925 | D:3      | Reached XP level 5. HP: 40/46 MP: 4/4
  3488 | D:4      | Noticed a phantom
  3502 | D:4      | Killed a phantom
  3503 | D:4      | Reached skill level 5 in Armour
  3503 | D:4      | Reached XP level 6. HP: 20/53 MP: 5/5
  3714 | D:4      | Noticed a two-headed ogre
  3720 | D:4      | Mangled by a two-headed ogre

Illustrated notes

Levels and vault maps discovered:
D:1:      minmay_arrival_semitransparent, layout_loops_corners,
          minmay_pentomino_o4
D:2:      layout_basic, grunt_ministairs_5, uniq_crazy_yiuf_cottage,
          uniq_jessica
D:3:      layout_loops_corners, lemuel_round_altar, ebering_ghost_rock_garden,
          ebering_ecumenical_altar_abandoned, minmay_cupped
D:4:      layout_basic, chequers_temple_overflow_statue_of_worship,
          gup_sewer_entry_bubbles, uniq_eustachio

Skill      XL: |  1  2  3  4  5 |
---------------+----------------+-----
Armour         | 4 5 |  5.1
Shields        | 4 |  4.7
Fighting       | 4 |  4.4
Axes           | 3 4 |  4.5
Evocations     | 1 |  1.9
Dodging        | |  0.9

Action                   |  1- 3 |  4- 6 || total
-------------------------+-------+-------++-------
Melee: War axe           |    68 |   149 ||   217
       Headbutt          |     9 |    32 ||    41
  Use: Potion            |       |     1 ||     1
Armor: Scale mail        |    29 |    34 ||    63
       Chain mail        |       |    11 ||    11
Dodge: Dodged            |    28 |    26 ||    54
Block: Kite shield       |    40 |    58 ||    98
